 Dungeon Crawl Stone Soup version 0.30.0-5-g1a98f26d00 (webtiles) character file.

Game seed: 14135763269217034009

32 SnakkuSnakku7 the Firebug (level 3, -1/18 HPs)
             Began as a Vine Stalker Fire Elementalist on May 13, 2023.
             Frozen to death by an endoplasm (3 damage)
             ... on level 1 of the Dungeon.
             The game lasted 00:01:07 (927 turns).

SnakkuSnakku7 the Firebug (VSFE)                     Turns: 927, Time: 00:01:07

Health: -1/18      AC:  2    Str: 12    XL:     3   Next: 25%
Magic:  0/7        EV: 12    Int: 15    God:
Gold:   85         SH:  0    Dex: 14    Spells: 5/6 levels left

rFire   . .          .
                       - Unarmed
rCold   . . .        (no shield)
rNeg    . . .        a - +0 robe
rPois   .            (no helmet)
rElec   .            (no cloak)
rCorr   .            (no gloves)
SInv    .            (no boots)
Will    .....        (no amulet)
Stlth   ++           (no ring)
HPRegen 0.23/turn    (no ring)
MPRegen 0.10/turn

%: guardian spirit
@: no status effects
A: fangs 2, magic shield, antimagic bite, no potion heal 2
a: no special abilities


You were on level 1 of the Dungeon.
You visited 1 branch of the dungeon, and saw 1 of its levels.

You collected 85 gold pieces.

Inventory:

Armour
 a - a +0 robe (worn)
 e - a +0 scale mail
Scrolls
 d - 3 scrolls of teleportation {unknown}
 f - a scroll of brand weapon {unknown}
 h - a scroll of immolation {unknown}
 i - a scroll of enchant armour {unknown}
Potions
 b - a potion of magic
 c - 2 potions of curing {unknown}
 g - a potion of flight {unknown}


   Skills:
 + Level 1.6 Fighting
 - Level 1.5 Dodging
 - Level 2.4 Stealth
 + Level 1.8 Unarmed Combat
 - Level 2.1 Spellcasting
 - Level 1.0 Conjurations
 - Level 3.0 Fire Magic


You had 5 spell levels left.
You knew the following spells:

 Your Spells              Type           Power      Damage    Failure   Level
a - Foxfire               Conj/Fire      28%        2x1d5     10%         1

Your spell library contained the following spells:

 Spells                   Type           Power      Damage    Failure   Level
 Scorch                   Fire           20%        2d6       10%         2
 Magic Dart               Conj           16%        1d3       14%         1
 Call Imp                 Summ           2%         N/A       32%         2
 Inner Flame              Hex/Fire       6%         N/A       34%         3
 Volatile Blastmotes      Fire/Tloc      12%        2d11      34%         3
 Mephitic Cloud           Conj/Pois/Air  2%         N/A       50%         3
 Flame Wave               Conj/Fire      7%         2d5       67%         4


Dungeon Overview and Level Annotations

Branches:
Dungeon (1/15)

Altars:


Innate Abilities, Weirdness & Mutations

You have extremely sharp teeth.
When hurt, damage is shared between your health and your magic reserves.
Your bite disrupts and absorbs the magic of your enemies.
Potions cannot restore your health.


Message History

You hit the jackal.
The jackal is heavily wounded.
The jackal closely misses you. x2
You hit the jackal. You bite the jackal, but do no damage.
The jackal is almost dead.
The jackal bites you.
You hit the jackal but do no damage. Your bite misses the jackal.
The jackal is almost dead.
The jackal misses you.
You barely miss the jackal. You bite the jackal.
You kill the jackal!
You hit the giant cockroach but do no damage.
You punch the giant cockroach, but do no damage.
The giant cockroach bites you but does no damage.
You hit the giant cockroach.
The giant cockroach is lightly wounded.
The giant cockroach bites you but does no damage.
The giant cockroach barely misses you.
You hit the giant cockroach.
The giant cockroach is moderately wounded.
The giant cockroach bites you.
* * * LOW HITPOINT WARNING * * *
You barely miss the giant cockroach. Your punch misses the giant cockroach.
Your bite misses the giant cockroach.
The giant cockroach is moderately wounded.
The giant cockroach bites you but does no damage.
You hit the giant cockroach.
You kill the giant cockroach!
You hit the endoplasm but do no damage.
You bite the endoplasm, but do no damage.
The endoplasm freezes you.
You are frozen.
* * * LOW HITPOINT WARNING * * *
You hit the endoplasm but do no damage. The endoplasm closely misses you.
Unknown command.
You barely miss the endoplasm.
You bite the endoplasm, but do no damage.
The endoplasm freezes you.
You are frozen.
You die...

############.....#.# #........
...........#.[...#.# #.#######
.........!.#.....#.# #.#
........B..#.....#.#### #.#
####†#######...#......# #.#
...........#.#.#.#.##.# #.#
...###J...⌠'.#.#.#.##.# #.#
....<......#...###.##.###.#######
⌠...>...⌠..#..JJ@..##.#..........
+#######+###.########.##########.
.............# #.# #.
############## #.# #. #.# #. #.#
#. #.##########. #............
#############


You could see 2 endoplasms.

Vanquished Creatures
  2 endoplasms (D:1)
  6 giant cockroaches (D:1)
  2 goblins (D:1)
  2 hobgoblins (D:1)
  2 jackals (D:1)
  A kobold (D:1)
  2 quokkas (D:1)
  A ball python (D:1)
  A bat (D:1)
  9 frilled lizards (D:1)
  A rat (D:1)
29 creatures vanquished.

Notes
Turn   | Place    | Note
-------+----------+-------------------------------------------
     0 | D:1      | SnakkuSnakku7 the Vine Stalker Fire Elementalist began the
                  | quest for the Orb.
     0 | D:1      | Reached XP level 1. HP: 9/9 MP: 4/4
     1 | D:1      | Found a runed translucent door.
   308 | D:1      | Reached skill level 1 in Unarmed Combat
   308 | D:1      | Reached XP level 2. HP: 14/14 MP: 6/6
   345 | D:1      | Reached skill level 1 in Fighting
   885 | D:1      | Reached XP level 3. HP: 16/18 MP: 7/7
   927 | D:1      | Frozen to death by an endoplasm

Illustrated notes

Levels and vault maps discovered:
D:1:      dpeg_arrival_caged_fury, layout_basic, minmay_lizard_king

Skill      XL: |  1  2 |
---------------+-------+-----
Unarmed Combat | 1 |  1.8
Fighting       | 1 |  1.6
Dodging        | |  1.5
Stealth        | |  2.4
Spellcasting   | |  2.1
Conjurations   | |  1.0
Fire Magic     | |  3.0

Action                     || total
---------------------------++-------
  Melee: Unarmed           ||   111
         Bite              ||    31
         Punch             ||     4
   Stab: Sleeping          ||     5
 Armour: Robe              ||    24
  Dodge: Dodged            ||    57
